 Dungeon Crawl Stone Soup version 0.30-a0-726-gd89dcf765f (webtiles) character file.

Game seed: 8155525457188946247

865 jimonade the Skirmisher (level 8, 0/54 (56) HPs)
             Began as a Formicid Hunter on Jan 29, 2023.
             Slain by a gnoll sergeant
             ... wielding a +0 spear of flaming
              (3 damage)
             ... on level 6 of the Dungeon.
             The game lasted 00:08:57 (3713 turns).

jimonade the Skirmisher (Formicid Hunter)           Turns: 3713, Time: 00:08:58

HP:   0/54 (56)     AC:  5    Str: 15    XL:     8   Next: 23%
MP:   8/8           EV: 12    Int: 16    God:
Gold: 328           SH:  0    Dex: 19    Spells: 7/7 levels left

rFire   . . .      SeeInvis +    a - +0 shortbow
rCold   . . .      Faith    .    (no shield)
rNeg    . . .      Spirit   .    c - +1 leather armour
rPois   .          Reflect  .    (helmet unavailable)
rElec   .          Harm     .    p - +0 cloak
rCorr   .          Rampage  .    (no gloves)
Will    +....                    (no boots)
Stlth   ++                       A - amulet of regeneration
HPRegen 1.09/turn                l - ring of willpower
MPRegen 0.11/turn                h - +6 ring of intelligence

@: lightly drained
A: permanent stasis, dig shafts and tunnels, antennae 3, four strong arms
a: Dig, Shaft Self


You were on level 6 of the Dungeon.
You visited 1 branch of the dungeon, and saw 6 of its levels.

You collected 328 gold pieces.

Inventory:

Hand Weapons
 a - a +0 shortbow (weapon)
 b - a +3 dagger
 f - a +1 dagger of flaming
 i - a +0 arbalest
Missiles
 y - 2 throwing nets
Armour
 c - a +1 leather armour (worn)
 m - a +0 ring mail
 o - a +0 robe of willpower
 p - a +0 cloak (worn)
 t - a +3 chain mail
 w - the +6 plate armour of Emegasaa {+Inv Int-3 Dex+2}
   (You found it on level 5 of the Dungeon)

   Int:       It affects your intelligence (-3).
   Dex:       It affects your dexterity (+2).
   +Inv:      It lets you turn invisible.
Jewellery
 h - a +6 ring of intelligence (right hand)
 l - a ring of willpower (left hand)
 A - an amulet of regeneration (around neck)
Wands
 v - a wand of quicksilver (5)
 z - a wand of polymorph (4)
 B - a wand of paralysis (10)
 C - a wand of flame (17)
Scrolls
 e - 4 scrolls of identify
 j - 4 scrolls of blinking
 k - 3 scrolls of immolation
 q - a scroll of enchant armour
 x - a scroll of acquirement
Potions
 g - 4 potions of resistance
 r - 3 potions of curing {unknown}
 s - a potion of might {unknown}
 u - 3 potions of degeneration {unknown}


   Skills:
 - Level 2.1 Fighting
 + Level 9.7 Ranged Weapons
 - Level 1.7 Dodging
 - Level 1.2 Stealth


You had 7 spell levels left.
You didn't know any spells.
Your spell library was empty.

Dungeon Overview and Level Annotations

Branches:
Dungeon (6/15)             Temple (0/1) D:6

Altars:

Shops:
D:5 !


Innate Abilities, Weirdness & Mutations

You cannot be hasted, slowed, berserked, paralysed or teleported.
You can dig through walls and to a lower floor.
You have a pair of large antennae on your head. (SInv)
Your four strong arms can wield two-handed weapons with a shield.


Message History

Fire: a) +0 shortbow
Press: ? - help, Q - select action, (/) - cycle Shift-Dir - straight line, f - orc
Aim: an orc, wielding a +1 short sword of electrocution and wearing a +0 leather armour (66% to hit)
You shoot an arrow. The arrow closely misses the orc.
The gnoll sergeant hits you from afar with a +0 spear of flaming.
* * * LOW HITPOINT WARNING * * *
The gnoll sergeant burns you.
* * * LOW HITPOINT WARNING * * *
Fire: a) +0 shortbow
Press: ? - help, Q - select action, (/) - cycle Shift-Dir - straight line, f/p - orc
Aim: an orc, wielding a +1 short sword of electrocution and wearing a +0 leather armour (66% to hit)
You shoot an arrow. The arrow hits the orc.
The orc is almost dead.
The gnoll sergeant hits you from afar with a +0 spear of flaming.
* * * LOW HITPOINT WARNING * * *
The gnoll sergeant burns you.
* * * LOW HITPOINT WARNING * * *
The orc barely misses you.
Fire: a) +0 shortbow
Press: ? - help, Q - select action, (/) - cycle Shift-Dir - straight line, f/p - orc
Aim: an orc, wielding a +1 short sword of electrocution and wearing a +0 leather armour (almost dead, 66% to hit)
You shoot an arrow. The arrow hits the orc.
You kill the orc!
The gnoll sergeant hits you from afar with a +0 spear of flaming.
* * * LOW HITPOINT WARNING * * *
The gnoll sergeant burns you.
* * * LOW HITPOINT WARNING * * *
Fire: a) +0 shortbow
Press: ? - help, Q - select action, (/) - cycle Shift-Dir - straight line, f - gnoll sergeant
Aim: a gnoll sergeant, wielding a +0 spear of flaming and wearing a +0 scale mail (72% to hit)
You shoot an arrow.
The arrow closely misses the gnoll sergeant.
The gnoll sergeant barely misses you.
Fire: a) +0 shortbow
Press: ? - help, Q - select action, (/) - cycle Shift-Dir - straight line, f/p - gnoll sergeant
Aim: a gnoll sergeant, wielding a +0 spear of flaming and wearing a +0 scale mail (72% to hit)
You shoot an arrow.
The arrow hits the gnoll sergeant but does no damage.
The gnoll sergeant hits you from afar with a +0 spear of flaming.
You die...

########## #........#
####........#
#@##.......)#
##)##........#
######g)).........#
###......###o<......#
###..o######
#{†......# { #)..#.#
#.....(..# {#.###.#
..######## .#>#.')#
#.# #### .###.### #o#


You could see a gnoll sergeant.

Vanquished Creatures
  Edmund (D:4)
  A black bear (D:5)
  A necrophage (D:5)
  2 scorpions
  6 hounds
  An orc priest (D:6)
  4 iguanas
  8 gnolls
  4 adders
  A worm (D:2)
  A dart slug (D:1)
  4 orcs
  6 endoplasms
  A giant cockroach (D:3)
  5 goblins
  5 hobgoblins
  4 jackals
  2 quokkas
  6 ball pythons
  5 bats
  3 frilled lizards
  4 kobolds
  7 rats
82 creatures vanquished.

Notes
Turn   | Place    | Note
-------+----------+-------------------------------------------
     0 | D:1      | jimonade the Formicid Hunter began the quest for the Orb.
     0 | D:1      | Reached XP level 1. HP: 16/16 MP: 1/1
   125 | D:1      | Reached XP level 2. HP: 22/22 MP: 2/2
   780 | D:2      | Reached XP level 3. HP: 27/27 MP: 3/3
   798 | D:2      | Reached skill level 5 in Ranged Weapons
  1448 | D:3      | Reached XP level 4. HP: 33/33 MP: 4/4
  1794 | D:4      | Reached skill level 6 in Ranged Weapons
  1794 | D:4      | Reached XP level 5. HP: 38/38 MP: 5/5
  1953 | D:4      | Noticed Edmund
  2260 | D:4      | Killed Edmund
  2261 | D:4      | Reached skill level 7 in Ranged Weapons
  2261 | D:4      | Reached XP level 6. HP: 19/44 MP: 6/6
  2783 | D:5      | Entered Level 5 of the Dungeon
  2905 | D:5      | Reached skill level 8 in Ranged Weapons
  2905 | D:5      | Reached XP level 7. HP: 46/50 MP: 7/7
  2951 | D:5      | Identified the +6 plate armour of Emegasaa {+Inv Int-3
                  | Dex+2}
  3059 | D:5      | Found Noexewk's Distillery.
  3559 | D:5      | Reached skill level 9 in Ranged Weapons
  3566 | D:5      | Reached XP level 8. HP: 42/56 MP: 8/8
  3589 | D:5      | Identified a scroll of acquirement
  3670 | D:6      | Found a staircase to the Ecumenical Temple.
  3710 | D:6      | HP: 2/54 [gnoll sergeant/+0 spear of flaming (1)]
  3713 | D:6      | Slain by a gnoll sergeant

Illustrated notes

Levels and vault maps discovered:
D:1:      roderic_crossed_star, layout_loops_ring
D:2:      layout_rooms, minmay_split_cup_small
D:3:      layout_rooms
D:4:      layout_loops_ring, uniq_edmund
D:5:      layout_gridville, serial_shops, nicolae_shop_crystal,
          grunt_ministairs_11
D:6:      layout_rooms, grunt_temple_overflow_order_and_chaos_2,
          lemuel_crystal_altar, minmay_temple_entry_glassed_door, serial_shops,
          shop_scrolls

Skill      XL: |  1  2  3  4  5  6  7 |
---------------+----------------------+-----
Ranged Weapons | 5 6 7 8 9 |  9.7
Fighting       | |  2.1
Dodging        | |  1.7
Stealth        | |  1.2

Action                     |  1- 3 |  4- 6 |  7- 9 || total
---------------------------+-------+-------+-------++-------
   Fire: Shortbow          |    82 |   115 |   119 ||   316
Ability: Dig               |       |       |     1 ||     1
    Use: Scroll            |     5 |     1 |       ||     6
         Potion            |       |       |     2 ||     2
 Armour: Leather armour    |     4 |    19 |    15 ||    38
  Dodge: Dodged            |    12 |    39 |    48 ||    99

Table legend: (Time is in decaauts)
 A = Elapsed time spent in this place.
 B = Non-inter-level travel time spent in this place.
 C = Inter-level travel time spent in this place.
 D = Time resting spent in this place.
 E = Time spent auto-exploring this place.
 F = Levels seen in this place.
 G = Mean time per level.
                   A        B        C        D        E       F      G
               +--------+--------+--------+--------+--------+-----+--------+
         Total |   3778 |   3654 |    124 |    531 |   2274 |   6 |  629.7 |
       Dungeon |   3778 |   3654 |    124 |    531 |   2274 |   6 |  629.7 |
               +--------+--------+--------+--------+--------+-----+--------+

Top non-repeatable levels by time:
     D:4: 1079 daAuts
     D:5: 870 daAuts
     D:2: 733 daAuts
     D:1: 711 daAuts
     D:3: 298 daAuts
     D:6: 85 daAuts
